 Dungeon Crawl Stone Soup version 0.27.1-4-g1640c2035a (webtiles) character file.

Game seed: 8690129289328848802

1960 MisterFreud the Protected (level 9, -10/69 HPs)
             Began as a Gnoll Wanderer on Nov 7, 2021.
             Was an Elder of Lugonu.
             Engulfed by a steam dragon's steam (12 damage)
             ... on level 7 of the Dungeon.
             The game lasted 00:12:00 (9080 turns).

MisterFreud the Protected (Gnoll Wanderer)          Turns: 9080, Time: 00:12:00

Health: -10/69     AC:  9    Str: 10    XL:     9   Next: 19%
Magic:  15/15      EV: 12    Int: 17    God:    Lugonu [****..]
Gold:   332        SH:  4    Dex: 11    Spells: 16/16 levels left

rFire    . . .     SeeInvis .   i - +3 demon trident (venom)
rCold    . . .     Faith    .   n - +0 buckler
rNeg     . . .     Spirit   .   m - +0 acid dragon scales
rPois    .         Reflect  .   y - +0 helmet
rElec    .         Harm     .   (no cloak)
rCorr    +         Rampage  .   (no gloves)
Will     .....                  (no boots)
Stlth    ++........             (no amulet)
HPRegen  0.21/turn              a - ring of resist corrosion
MPRegen  0.14/turn              (no ring)

@: no status effects
A: fangs 1, strong nose, distributed training
a: Renounce Religion, Depart the Abyss, Bend Space, Banish, Corrupt


You were on level 7 of the Dungeon.
You worshipped Lugonu.
Lugonu was greatly pleased with you.
You visited 2 branches of the dungeon, and saw 8 of its levels.

You collected 332 gold pieces.

Inventory:

Hand Weapons
 i - a +3 demon trident of venom (weapon)
 l - a +1 dagger of electrocution
Missiles
 c - 6 poisoned darts
 s - 3 javelins (quivered)
Armour
 m - +0 acid dragon scales (worn)
 n - a +0 buckler (worn)
 y - a +0 helmet (worn)
Jewellery
 a - a ring of resist corrosion (left hand)
Scrolls
 f - 3 scrolls of teleportation
 r - 2 scrolls of amnesia
 t - a scroll of enchant weapon
Potions
 e - 3 potions of curing
 h - a potion of lignification {unknown}
 j - a potion of cancellation {unknown}
 o - a potion of mutation {unknown}
 p - a potion of magic {unknown}
 v - a potion of ambrosia {unknown}
 A - 2 potions of resistance {unknown}
 B - a potion of might {unknown}


   Skills:
 + Level 6.1 Fighting
 + Level 4.0 Short Blades
 + Level 4.0 Long Blades
 + Level 4.0 Axes
 + Level 6.1 Maces & Flails
 + Level 4.0 Polearms
 + Level 4.0 Staves
 + Level 4.0 Slings
 + Level 4.0 Bows
 + Level 4.0 Crossbows
 + Level 4.8 Throwing
 + Level 9.4 Armour
 + Level 4.0 Dodging
 + Level 4.0 Stealth
 + Level 4.0 Shields
 + Level 4.0 Unarmed Combat
 + Level 4.0 Spellcasting
 + Level 3.3 Conjurations
 + Level 3.3 Hexes
 + Level 3.3 Summonings
 + Level 3.3 Necromancy
 + Level 3.3 Translocations
 + Level 3.3 Transmutations
 + Level 3.3 Fire Magic
 + Level 3.3 Ice Magic
 + Level 3.3 Air Magic
 + Level 3.3 Earth Magic
 + Level 3.3 Poison Magic
 + Level 4.4 Invocations
 + Level 4.8 Evocations


You had 16 spell levels left.
You didn't know any spells.
Your spell library contained the following spells:

 Spells                   Type           Power      Damage    Failure   Level
 Animate Skeleton         Necr           28%        N/A       6%          1
 Apportation              Tloc           28%        N/A       6%          1
 Corona                   Hex            15%        N/A       6%          1
 Summon Small Mammal      Summ           56%        N/A       6%          1
 Corpse Rot               Necr/Air       N/A        N/A       9%          2
 Poisonous Vapours        Pois/Air       28%        N/A       9%          2
 Call Canine Familiar     Summ           14%        N/A       19%         3
 Gell's Gravitas          Tloc           7%         N/A       19%         3
 Ozocubu's Armour         Ice            14%        N/A       19%         3
 Summon Guardian Golem    Hex/Summ       14%        N/A       19%         3
 Teleport Other           Tloc           14%        N/A       19%         3
 Freezing Cloud           Conj/Ice/Air   7%         6-21      86%         5
 Dispersal                Tloc           7%         N/A       100%        6
 Ozocubu's Refrigeration  Ice            7%         4d6       100%        7


Dungeon Overview and Level Annotations

Branches:
Dungeon (7/15)             Temple (1/1) D:7

Altars:
Gozag
Kikubaaqudgha
Sif Muna
Trog
Vehumet
Zin
The Shining One
Lugonu

Annotations:
D:2 1 runed translucent door, Crazy Yiuf


Innate Abilities, Weirdness & Mutations

You have very sharp teeth.
Your uncanny sense of smell can sniff out nearby items.
Your experience applies equally to all skills.


Message History

You feel a bit more experienced.
Things that are here:
a +2 dagger of speed; a +0 robe; an orc corpse
Found 17 arrows.
Items here: ))) [[.
Things that are here:
a +0 mace; a +0 ring mail; an orc corpse You see here 17 arrows.
You open the door.
There is an open door here.
A steam dragon comes into view.
The steam dragon hisses angrily.
A steam dragon is nearby!
The steam dragon breathes steam at you. The ball of steam hits you!!
No target in view!
No target in view!
You reach to attack!
You barely miss the steam dragon. You puncture the steam dragon!
The steam dragon is moderately wounded.
The steam dragon bites you. The steam dragon misses you.
You hit the steam dragon.
The steam dragon is poisoned.
You bite the steam dragon, but do no damage.
The steam dragon is heavily wounded.
The steam dragon breathes steam at you. The ball of steam hits you!
The steam dragon bites you but does no damage.
You block the steam dragon's attack. You block the steam dragon's attack.
The steam dragon barely misses you.
Your acid dragon scales prevents you from hitting the steam dragon.
Your bite misses the steam dragon.
The steam dragon is severely wounded.
The steam dragon breathes steam at you. The ball of steam hits you!!
* * * LOW HITPOINT WARNING * * *
You hit the steam dragon but do no damage.
The steam dragon looks even sicker.
The steam dragon is severely wounded.
You are engulfed in a cloud of scalding steam.
You die...

#..###.####.####.###...[<...
#...........................
#.####.####.####.........#.#
#.#....# #.# #.###........
#.#.#######.########.#####..
#.#.#.......#..........# ..
#.#.#.##.§.##.######.#.###
#.#.# #..§##+#....#.....#
#.#.# #..§@....##.#.....#
####'#.# #..§.D......#.....#
#......# ###.§....####.....#
#......# #......# #.....#
#......# ######.# #.....###
#......# .# #........
#......# # #.#+#.###
#......# #.####.#.#....
#......# #####
#........#..#.


You could see a steam dragon (very poisoned, catching breath).

Vanquished Creatures
  Maggie (D:7)
  A steam dragon (Temple)
  A water moccasin (D:5)
  A black bear (D:4)
  2 necrophages
  2 ogres
  A centaur (D:4)
  2 phantoms
  A wyvern skeleton (D:5)
  A water moccasin skeleton (D:4)
  A bullfrog zombie (D:5)
  A centaur zombie (D:7)
  A hound (D:5)
  4 orc priests
  A bullfrog skeleton (D:5)
  Natasha (thrice) (D:2)
  An iguana (D:6)
  5 orc wizards
  Robin (D:4)
  8 adders
  2 white imps
  An ufetubus (D:4)
  An adder zombie (D:5)
  A worm (D:4)
  7 dart slugs
  12 orcs
  9 bats
  4 endoplasms
  2 giant cockroaches (D:2)
  11 goblins
  12 hobgoblins
  3 jackals (D:1)
  9 kobolds
  4 quokkas
  7 ball pythons
  A frilled lizard (D:3)
  A quokka skeleton (D:4)
  5 rats
131 creatures vanquished.

Vanquished Creatures (others)
  A human (D:6)
  An orc (Temple)
  3 plants (D:6)
5 creatures vanquished.

Grand Total: 136 creatures vanquished

Notes
Turn   | Place    | Note
-------+----------+-------------------------------------------
     0 | D:1      | MisterFreud the Gnoll Wanderer began the quest for the Orb.
     0 | D:1      | MisterFreud set off with the following items: a +2 mace, a
                  | +0 ring mail, 7 poisoned darts, a +0 dagger
     0 | D:1      | Reached XP level 1. HP: 20/20 MP: 1/1
    85 | D:1      | Reached XP level 2. HP: 26/26 MP: 2/2
   772 | D:1      | Found a faded altar of an unknown god.
   922 | D:1      | Became a worshipper of Lugonu the Unformed
   922 | D:1      | Reached * piety under Lugonu
   922 | D:1      | Reached ** piety under Lugonu
   993 | D:1      | Reached XP level 3. HP: 31/31 MP: 3/3
  1421 | D:1      | Reached skill level 1 in Invocations
  1752 | D:2      | Reached skill level 1 in Short Blades
  1752 | D:2      | Reached skill level 1 in Long Blades
  1752 | D:2      | Reached skill level 1 in Axes
  1752 | D:2      | Reached skill level 1 in Polearms
  1752 | D:2      | Reached skill level 1 in Staves
  1752 | D:2      | Reached skill level 1 in Slings
  1752 | D:2      | Reached skill level 1 in Bows
  1752 | D:2      | Reached skill level 1 in Crossbows
  1752 | D:2      | Reached skill level 1 in Dodging
  1752 | D:2      | Reached skill level 1 in Stealth
  1752 | D:2      | Reached skill level 1 in Shields
  1752 | D:2      | Reached skill level 1 in Unarmed Combat
  1752 | D:2      | Reached skill level 1 in Spellcasting
  1755 | D:2      | Reached XP level 4. HP: 20/38 MP: 5/5
  2234 | D:2      | Found a bloodstained altar of Trog.
  2346 | D:2      | Found a runed translucent door.
  2347 | D:2      | Noticed Crazy Yiuf
  2375 | D:2      | Noticed Natasha
  2400 | D:2      | Killed Natasha
  2401 | D:2      | Reached skill level 1 in Conjurations
  2401 | D:2      | Reached skill level 1 in Hexes
  2401 | D:2      | Reached skill level 1 in Summonings
  2401 | D:2      | Reached skill level 1 in Necromancy
  2401 | D:2      | Reached skill level 1 in Translocations
  2401 | D:2      | Reached skill level 1 in Transmutations
  2401 | D:2      | Reached skill level 1 in Fire Magic
  2401 | D:2      | Reached skill level 1 in Ice Magic
  2401 | D:2      | Reached skill level 1 in Air Magic
  2401 | D:2      | Reached skill level 1 in Earth Magic
  2401 | D:2      | Reached skill level 1 in Poison Magic
  2524 | D:2      | Noticed Natasha
  2534 | D:2      | Killed Natasha
  2535 | D:2      | Reached XP level 5. HP: 26/43 MP: 5/7
  2562 | D:2      | Noticed Natasha
  2571 | D:2      | Killed Natasha
  4085 | D:4      | Noticed a black bear
  4161 | D:4      | Reached XP level 6. HP: 37/50 MP: 8/8
  4448 | D:4      | Reached *** piety under Lugonu
  4487 | D:4      | Reached skill level 5 in Fighting
  4487 | D:4      | Reached skill level 5 in Maces & Flails
  4538 | D:4      | Noticed a necrophage
  4548 | D:4      | Killed a black bear
  4549 | D:4      | Reached XP level 7. HP: 38/56 MP: 10/10
  4983 | D:4      | Reached skill level 9 in Armour
  5287 | D:4      | Noticed Robin
  5337 | D:4      | Killed Robin
  5802 | D:5      | Entered Level 5 of the Dungeon
  5901 | D:5      | Reached XP level 8. HP: 61/63 MP: 12/12
  7520 | D:6      | Identified a scroll of acquirement
  7520 | D:6      | Acquired a +3 demon trident of venom
  7569 | D:6      | Found an ancient bone altar of Kikubaaqudgha.
  7607 | D:6      | Found a glowing golden altar of the Shining One.
  7873 | D:6      | Found a shimmering blue altar of Sif Muna.
  8053 | D:7      | Found a staircase to the Ecumenical Temple.
  8061 | Temple   | Entered the Ecumenical Temple
  8431 | D:7      | Noticed Maggie
  8445 | D:7      | Killed Maggie
  8445 | D:7      | Reached **** piety under Lugonu
  8446 | D:7      | Reached XP level 9. HP: 23/69 MP: 14/14
  9079 | D:7      | HP: 2/69 [steam dragon/ball of steam (20)]
  9080 | D:7      | Engulfed by a steam dragon's steam

Illustrated notes

Levels and vault maps discovered:
D:1:      sevenhm_arrival_forest_fort_large_2, layout_loops_ring,
          shapermc_ecumenical_altar_acropolis, chequers_serial_rivers_room_b
D:2:      layout_rooms, basic_altar, serial_rivers,
          chequers_serial_rivers_small_b, chequers_serial_rivers_room_b,
          chequers_serial_rivers_room_b, chequers_serial_rivers_room_b,
          minivault_27, serial_bayou_pond_e, minmay_tiny_reverse_x,
          uniq_natasha, uniq_crazy_yiuf_cottage
D:3:      layout_basic, kennysheep_generic_room_7
D:4:      layout_rooms, uniq_robin
D:5:      layout_cave_pods
D:6:      layout_basic, amcnicky_altar_gilded, mainiacjoe_overflow_chevrons,
          kennysheep_little_box, tgw_kikubaaqudgha, kennysheep_windowed_goal
D:7:      layout_basic, minmay_temple_entry_sparse_star, uniq_maggie
Temple:   regret_index_temple_mists

Skill      XL: |  1  2  3  4  5  6  7  8  9 |
---------------+----------------------------+-----
Invocations    | 1 2 3 4 |  4.4
Short Blades   | 1 2 3 4 |  4.0
Long Blades    | 1 2 3 4 |  4.0
Axes           | 1 2 3 4 |  4.0
Polearms       | 1 2 3 4 |  4.0
Staves         | 1 2 3 4 |  4.0
Slings         | 1 2 3 4 |  4.0
Bows           | 1 2 3 4 |  4.0
Crossbows      | 1 2 3 4 |  4.0
Dodging        | 1 2 3 4 |  4.0
Stealth        | 1 2 3 4 |  4.0
Shields        | 1 2 3 4 |  4.0
Unarmed Combat | 1 2 3 4 |  4.0
Spellcasting   | 1 2 3 4 |  4.0
Conjurations   | 1 2 3 |  3.3
Hexes          | 1 2 3 |  3.3
Summonings     | 1 2 3 |  3.3
Necromancy     | 1 2 3 |  3.3
Translocations | 1 2 3 |  3.3
Transmutations | 1 2 3 |  3.3
Fire Magic     | 1 2 3 |  3.3
Ice Magic      | 1 2 3 |  3.3
Air Magic      | 1 2 3 |  3.3
Earth Magic    | 1 2 3 |  3.3
Poison Magic   | 1 2 3 |  3.3
Throwing       | 3 4 |  4.8
Evocations     | 3 4 |  4.8
Fighting       | 5 6 |  6.1
Maces & Flails | 5 6 |  6.1
Armour         | 9 |  9.4

Action                   |  1- 3 |  4- 6 |  7- 9 || total
-------------------------+-------+-------+-------++-------
Melee: Mace              |    47 |       |       ||    47
       Bite              |     7 |    17 |    20 ||    44
       Short sword       |    48 |    25 |       ||    73
       Dagger            |       |   192 |   214 ||   406
       Demon trident     |       |       |    41 ||    41
Throw: Dart              |       |     5 |     8 ||    13
       Javelin           |       |       |     1 ||     1
  Use: Scroll            |       |       |     9 ||     9
       Potion            |       |       |     2 ||     2
 Stab: Sleeping          |       |     1 |     1 ||     2
Armor: Ring mail         |    49 |    71 |    37 ||   157
       Scale mail        |       |       |    41 ||    41
       Acid dragon scale |       |       |    12 ||    12
Dodge: Dodged            |    55 |   102 |   108 ||   265
Block: Buckler           |       |    32 |    50 ||    82
